Match 39516879
Unlisted

Match 39516879
End
Construct Section Command Post
Vickers Machine Gun Team
Selects Canadian Shock Battlegroup
Royal Engineer Section
Infantry Section
Infantry Section
Construct Platoon Command Post
Grenade Package
Selects Burnout
CMP 15cwt Truck
6-pounder Anti-tank Gun Team
Construct Company Command Post
Selects Pyrotechnics
Selects Attacking Spirit
Selects Canadian Shock Section
Infantry Section
Burnout
Matilda II Heavy Tank
Foot Guards Section
Selects Churchill Crocodile Heavy Tank
Churchill Crocodile Heavy Tank
Burnout
Unlock Towed 17-pounder Anti-tank Guns
17-pounder Anti-tank Gun Team
Burnout
Selects Smoke Operation
Burnout
Royal Engineer Section
DevilDuck
Calibre30
matjouz
Sarmynation
0
0

Comments sign in to comment!

No comments posted yet!